AoeStats
← Skall

Arabia

510184450Analyzed
1v1 RM · 1d ago on Sep 29, 2026· 41m 32s· 2 players
Game mode
Random Map
Map size
Tiny (2 player)
Population
200
Speed
Normal
Resources
Standard
Victory
Conquest
Starting age
Dark Age
Ending age
Imperial Age
RankedLock teamsTeams togetherTeam positionsShared explorationLock speedFull tech treeHidden civsTurbo modeCheats
Victory
Defeat
🇦🇷 Gurjaras · Argentina
1072
+18
🇨🇴 Armenians · Colombia
1105
-18
Skall
6:16 Loom
9:20 Feudal Age
9:47 Double-Bit Axe
10:20 Man-at-Arms
11:13 Horse Collar
17:41 Wheelbarrow
17:45 Fletching
18:09 Padded Archer Armor
18:41 Gold Mining
23:22 Castle Age
23:51 Forging
23:47 Scale Barding Armor
24:19 Bloodlines
23:43 Elite Skirmisher
24:21 Bodkin Arrow
24:40 Bow Saw
28:21 Husbandry
28:57 Leather Archer Armor
36:06 Gold Shaft Mining
36:08 Thumb Ring
38:42 Imperial Age
37:04 Ballistics
38:39 Chain Barding Armor
38:55 Iron Casting
39:26 Hand Cart
40:30 Chemistry
41:24 Elite Shrivamsha Rider
ProletoMontañero
8:49 Loom
11:00 Feudal Age
11:16 Man-at-Arms
17:44 Fletching
23:42 Castle Age
21:54 Padded Archer Armor
21:48 Double-Bit Axe
22:55 Gold Mining
22:48 Horse Collar
23:15 Pikeman
24:59 Bow Saw
24:14 Crossbowman
24:55 Bodkin Arrow
26:25 Squires
26:28 Scale Mail Armor
27:10 Stone Mining
29:38 Chain Mail Armor
35:13 Scale Barding Armor
38:53 Imperial Age
39:10 Forging
39:47 Arson
40:33 Plate Mail Armor
40:39 Iron Casting
40:54 Chain Barding Armor
40:47 Bloodlines
40:37 Husbandry
40:40 Arbalester
Connection lost

Rejoining the realm…

Still unreachable

The connection could not be restored.

Session expired

The server has moved on; the page needs a fresh start.